 BcadrenCrawl: Boulder Brew version 0.05.31-18-ge6de3609f0 (webtiles) character file.

Game seed: 3571022960630011976, levelgen mode: deterministic

581 diana the Consumer (level 7, -5/51 HPs) Oozomorph Gladiator. Began on Sept 29, 2021. Was an Initiate of Gozag Ym Sagoz. Slain by a crocodile (9 damage) ... on level 1 of the Dungeon. The game lasted 00:08:38 (3170 turns).

diana the Consumer (Oozomorph Gladiator)            Turns: 3170, Time: 00:08:39

Health: -5/51      AC:  7    Str: 13    XL:     7 ^: 595
Magic:  8/8        EV: 12    Int:  8    God:    Gozag Ym Sagoz
Gold:   106        SH:  0    Dex: 17    Spells: 6/6 levels left

rFire    . . .     Vision   .     - Unarmed
rCold    . . .     Gourm    .     - Unarmed
rNeg     + . .     Faith    .   a - +0 leather armour
rCorr    + + +     Spirit   .   b - +0 helmet
rPois    +         Reflect  .   j - +2 ratskin cloak {+Rats rPois rN+ Str-1 Int-1 Dex+1}
rElec    .         Harm     .   (no armour)
MR       .....                  (no armour)
Stlth    ++........             (no armour)
HPRegen  0.27/turn              (nothing subsumed)
MPRegen  0.18/turn              (no amulet)
                                (no ring)
                                (no ring)

@: no status effects
A: cytoplasmic subsumption, amorphous body, gelatinous body 1
a: Subsume Item, Potion Petition, Call Merchant, Bribe Branch, Renounce
Religion, Evoke Ratskin


You were on level 1 of the Dungeon.
You worshipped Gozag Ym Sagoz.
Gozag Ym Sagoz was aware of your devotion.
You were near starving.

You visited 1 branch of the dungeon, and saw 2 of its levels.

You collected 152 gold pieces.
You paid 46 gold pieces to Gozag.

Inventory:

Armour
 a - a +0 leather armour (worn)
 b - a +0 helmet (worn)
 j - the +2 ratskin cloak (worn) {+Rats rPois rN+ Str-1 Int-1 Dex+1}
   (You acquired it on level 2 of the Dungeon)

   It affects your strength (-1).
   It affects your intelligence (-1).
   It affects your dexterity (+1).
   It protects you from poison.
   It protects you from negative energy.
Jewellery
 i - an uncursed ring of protection from magic
Wands
 c - a wand of ensnaring (9)
Scrolls
 e - a scroll of fog
 f - 3 scrolls of teleportation
 h - a scroll of magic mapping
Potions
 k - a potion of berserk rage
 l - a potion of ambrosia
Comestibles
 d - 3 rations


   Skills:
 * Level 5.6 Fighting
 + Level 2.8 Armour
 + Level 3.7 Dodging
 + Level 4.5 Unarmed Combat
 - Level 2.0 Evocations


You had 6 spell levels left.
You didn't know any spells.
Your spell library was empty.

Dungeon Overview and Level Annotations

Branches:
Dungeon (2/8)

Altars:
Dithmenos
Gozag Ym Sagoz
Nemelex Xobeh
Okawaru
Ru
Wu Jian
Yredelemnul

Annotations:
D:1 Pikel


Innate Abilities, Weirdness & Mutations

You may subsume any weapon, armour, or jewellery into your cytoplasm to benefit from its magical properties.
Your body is completely amorphous, allowing you to wear any combination of armour.
You have seven amorphous slots; replacing the normal gear slots.
Body armours and bardings take two slots, all other armours take one.
Your gelatinous form is immune to acid, constriction and sticky flames. (rCorr+, Slime)


Message History

The crocodile bites you (1).
You hit the crocodile but do no damage. You hit the crocodile (1).
The crocodile is lightly wounded. (22/27) HP You hit the crocodile but do no damage. x2
The crocodile is lightly wounded. (22/27) HP The crocodile barely misses you (0).
You hit the crocodile but do no damage. You hit the crocodile (2).
The crocodile is moderately wounded. (20/27) HP You hit the crocodile (1).
You hit the crocodile but do no damage.
The crocodile is moderately wounded. (19/27) HP The crocodile bites you (18)!!
* * * LOW HITPOINT WARNING * * *
You hit the crocodile (3). You hit the crocodile but do no damage.
The crocodile is heavily wounded. (16/27) HP Quiver which item? (- for none, * to show all) (? for menu, Esc to quit)
Okay, then.
You remove your ring of protection from magic.
The crocodile bites you (9)!
You die...
Your body crumbles into a pile of gold.

.# .# !###########
.).........#######
....#.####.....≈≈#
..)..## #######>#
###..# #≈# # #..#
#t# ###..########
#@#
.##.........####.#
.###.######.#....#
.# #.# ##....####
## #.# ##.....##
#.###.......##
#.##.........#
#.###.......##
####.# ##......#


You could see a crocodile.

Vanquished Creatures
  A big kobold (D:2)
  A bullfrog (D:2)
  7 jellies (D:2)
  3 giant cockroaches (D:2)
  A gnoll (D:1)
  9 sewer rats
  7 cinder newts
  A worm (D:2)
  A dart slug (D:1)
  10 goblins (D:1)
  2 hobgoblins (D:1)
  8 kobolds
  4 ball pythons
  9 bats
  A bat skeleton (D:2)
  A jackal skeleton (D:2)
  7 rats
  4 slaves (D:2)
77 creatures vanquished.

Vanquished Creatures (others)
  A bat (D:2)
  2 slimeheads (D:2)
  114 withered plants (D:2)
117 creatures vanquished.

Grand Total: 194 creatures vanquished

Notes
Turn   | Place    | Note
-------+----------+-------------------------------------------
     0 | D:1      | diana the Oozomorph Gladiator began the quest for the Orb.
     0 | D:1      | Reached XP level 1. HP: 14/14 MP: 2/2
    38 | D:1      | Reached XP level 2. HP: 20/20 MP: 3/3
   183 | D:1      | Reached skill level 3 in Fighting
   183 | D:1      | Reached XP level 3. HP: 25/26 MP: 4/4
   258 | D:1      | Reached skill level 1 in Armour
   837 | D:1      | Reached XP level 4. HP: 30/31 MP: 5/5
   962 | D:2      | Identified a scroll of acquirement
  1035 | D:2      | Reached skill level 4 in Fighting
  1035 | D:2      | Reached XP level 5. HP: 33/37 MP: 6/6
  1101 | D:2      | Noticed Pikel
  1110 | D:2      | Identified the Catalogue of Translocation and Benedictions
                  | (You acquired it on level 2 of the Dungeon)
  1111 | D:2      | Found the +2 ratskin cloak {+Rats rPois rN+ Str-1 Int-1
                  | Dex+1}
  1137 | D:1      | HP: 1/37 [Pikel/+1 whip of freezing (4)]
  1623 | D:2      | Reached XP level 6. HP: 44/44 MP: 7/7
  1974 | D:2      | Reached skill level 5 in Fighting
  2678 | D:2      | Reached XP level 7. HP: 31/50 MP: 8/8
  2891 | D:2      | Found an opulent altar of Gozag.
  2892 | D:2      | Found a sparkling altar of Nemelex Xobeh.
  2892 | D:2      | Found an iron altar of Okawaru.
  2894 | D:2      | Became a worshipper of Gozag Ym Sagoz the Greedy
  2896 | D:2      | Found a basalt altar of Yredelemnul.
  2897 | D:2      | Found a sacrificial altar of Ru.
  2898 | D:2      | Found a shadowy altar of Dithmenos.
  2902 | D:2      | Found an ornate altar of the Wu Jian Council.
  3170 | D:1      | Slain by a crocodile

Levels and vault maps discovered:
D:1:      dpeg_arrival_connections, layout_loops_ring
D:2:      layout_sewer, minitemple, uniq_pikel

Skill      XL: |  1  2  3  4  5  6 |
---------------+-------------------+-----
Fighting       | 3 4 5 |  5.6
Armour         | 1 2 |  2.8
Dodging        | 3 |  3.7
Unarmed Combat | 4 |  4.5
Evocations     | |  2.0

Action                   |  1- 3 |  4- 6 |  7- 9 || total
-------------------------+-------+-------+-------++-------
Melee: Unarmed           |   152 |   625 |    55 ||   832
  Use: Scroll            |       |     1 |     1 ||     2
 Stab: Sleeping          |     1 |     1 |       ||     2
  Eat: Chunk             |       |     6 |     1 ||     7
Armor: Skin              |    10 |    61 |     6 ||    77
Dodge: Dodged            |    38 |   165 |    13 ||   216
